 Dungeon Crawl Stone Soup version 0.31.0-4-g52a2dc7128 (webtiles) character file.

Game seed: 16884650700363684986

190 jagang the Trooper (level 5, -1/42 HPs)
             Began as a Human Monk on Jan 22, 2024.
             Incinerated by a bombardier beetle (5 damage)
             ... with a burning spray
             ... on level 4 of the Dungeon.
             The game lasted 00:05:43 (2797 turns).

jagang the Trooper (Human Monk)                     Turns: 2797, Time: 00:05:44

Health: -1/42      AC:  7    Str: 11    XL:     5   Next: 69%
Magic:  5/5        EV: 13    Int: 10    God:
Gold:   186        SH:  0    Dex: 18    Spells: 4/4 levels left

rFire   . . .        a - +0 falchion
rCold   . . .        d - orb {light}
rNeg    . . .        x - +3 leather armour
rPois   .            i - +0 helmet
rElec   .            (no cloak)
rCorr   .            (no gloves)
SInv    .            (no boots)
Will    .....        (no amulet)
Stlth   +            (no ring)
HPRegen 0.27/turn    (no ring)
MPRegen 0.09/turn

%: no passive effects
@: on fire, glowing
A: explore regen
a: no special abilities


You were on level 4 of the Dungeon.
You visited 1 branch of the dungeon, and saw 4 of its levels.

You collected 186 gold pieces.

Inventory:

Hand Weapons
 a - a +0 falchion (weapon)
Missiles
 s - 5 poisoned darts (quivered)
Armour
 d - an orb of light (worn)
 i - a +0 helmet (worn)
 v - a +0 kite shield
 x - a +3 leather armour (worn)
Jewellery
 j - a +6 ring of intelligence
 k - a ring of see invisible
 y - a ring of wizardry
Wands
 w - a wand of digging (7)
Scrolls
 b - 2 scrolls of enchant armour {unknown}
 f - 3 scrolls of amnesia {unknown}
 g - 2 scrolls of identify {unknown}
 h - a scroll of revelation {unknown}
 o - a scroll of silence {unknown}
 q - 2 scrolls of vulnerability {unknown}
 r - a scroll of enchant weapon {unknown}
 t - 2 scrolls of poison {unknown}
Potions
 c - a potion of ambrosia
 e - 5 potions of curing {unknown}
 l - 2 potions of heal wounds {unknown}
 m - 2 potions of invisibility {unknown}
 n - a potion of enlightenment {unknown}
 p - 2 potions of degeneration {unknown}
 u - 2 potions of attraction {unknown}


   Skills:
 * Level 4.3 Fighting
 * Level 4.2 Long Blades
 * Level 2.7 Armour
 - Level 3.0 Dodging
 + Level 0.5 Shields


You had 4 spell levels left.
You didn't know any spells.
Your spell library contained the following spells:

 Spells                   Type           Power      Damage    Failure   Level
 Apportation              Tloc           0%         N/A       43%         1
 Foxfire                  Conj/Fire      0%         2x1d4     43%         1
 Magic Dart               Conj           0%         1d3       43%         1
 Blink                    Tloc           0%         N/A       58%         2
 Call Imp                 Summ           0%         N/A       58%         2
 Jinxbite                 Hex            0%         N/A       58%         2
 Inner Flame              Hex/Fire       0%         N/A       82%         3
 Alistair's Intoxication  Alch           0%         N/A       100%        5
 Irradiate                Conj/Alch      0%         3d11      100%        5
 Plasma Beam              Fire/Air       0%         2x1d10    100%        6
 Starburst                Conj/Fire      0%         6d3       100%        6
 Ignition                 Fire           0%         3d3       100%        8


Dungeon Overview and Level Annotations

Branches:
Dungeon (4/15)
 Temple: D:4-7

Altars:

Annotations:
D:3 2 transporters, occam's ghost, amateur DsFi


Innate Abilities, Weirdness & Mutations

You regain HP and MP as you explore.


Message History

e - 5 fizzy red potions (gained 1)
l - 2 sapphire potions (gained 1)
Found an escape hatch in the ceiling.
Found a stone staircase leading down.
q - 2 scrolls labelled ABECZY HOGE (gained 1)
A bombardier beetle comes into view.
The bombardier beetle sprays incendiary fluid at you.
The burning spray hits you.
You are covered in liquid fire!
You hit the bombardier beetle.
The bombardier beetle is moderately wounded.
The liquid fire burns you!
The bombardier beetle sprays incendiary fluid at you.
The burning spray hits you.
You are even more covered in liquid fire!
You hit the bombardier beetle.
The bombardier beetle is severely wounded.
The liquid fire burns you!
You hit the bombardier beetle.
The bombardier beetle is almost dead.
The liquid fire burns you!
The bombardier beetle bites you but does no damage.
You hit the bombardier beetle.
The bombardier beetle is almost dead.
The liquid fire burns you! The bombardier beetle bites you.
You hit the bombardier beetle.
You kill the bombardier beetle!
The liquid fire burns you!
You are on fire!
You are on fire!
You shake off some of the fire as you move.
The liquid fire burns you! The liquid fire burns you!
The liquid fire burns you!
* * * LOW HITPOINT WARNING * * *
The liquid fire burns you!
* * * LOW HITPOINT WARNING * * *
The liquid fire burns you!
You die...

#............#######
#....#.##.........#
#....######.....####
#...## #........#.##
..## #............
.# ##?...........
#.............
#.............
#.@...........
#....#.##....#
#..†#### ..#..
......# ..#>.
....####. .# .... ..
... .. ... ... ...


There were no monsters in sight!

Vanquished Creatures
  2 bombardier beetles
  Jessica (D:2)
  4 adders (D:2)
  2 dart slugs
  An orc (D:3)
  9 ball pythons
  6 bats
  3 endoplasms
  6 giant cockroaches
  3 goblins
  6 hobgoblins
  2 jackals (D:1)
  A quokka (D:2)
  3 frilled lizards
  3 kobolds
  3 rats
55 creatures vanquished.

Notes
Turn   | Place    | Note
-------+----------+-------------------------------------------
     0 | D:1      | jagang the Human Monk began the quest for the Orb.
     0 | D:1      | Reached XP level 1. HP: 18/18 MP: 1/1
    28 | D:1      | Found a faded altar of an unknown god.
   207 | D:1      | Reached XP level 2. HP: 15/24 MP: 2/2
   375 | D:1      | Reached skill level 1 in Armour
   785 | D:2      | Reached XP level 3. HP: 21/29 MP: 3/3
  1029 | D:2      | Noticed Jessica
  1031 | D:2      | Killed Jessica
  1032 | D:2      | Reached XP level 4. HP: 33/37 MP: 4/4
  1841 | D:3      | Reached XP level 5. HP: 32/42 MP: 5/5
  1984 | D:3      | Found a transporter.
  1987 | D:3      | Noticed occam's ghost (amateur DsFi)
  1987 | D:3      | Noticed an ice beast
  2329 | D:3      | Found a transporter.
  2797 | D:4      | Incinerated by a bombardier beetle

Illustrated notes

Levels and vault maps discovered:
D:1:      lemuel_arrival_hallway, layout_basic, nicolae_ecumenical_lake_church
D:2:      layout_basic, serial_corexii_hall, chequers_hall_statues_y,
          corexii_hall_statues_s, chequers_hall_statues_y,
          minmay_quadrilaterals, uniq_jessica
D:3:      layout_loops_corners, gammafunk_ghost_arena
D:4:      layout_cave_pools, makhleb_blood_cavern_becter, lemuel_crystal_altar,
          serial_shops, nicolae_shop_window_shopping, serial_co_window_serial,
          co_window_corner_a, co_window_paths_a, co_window_corner_a,
          co_window_of_opportunity_a, co_window_paths_b, co_window_paths_a,
          co_window_corner_a, co_window_unsneaky_path_e, co_window_corner_ca,
          co_window_broadway_a, co_window_broadway_a, co_window_broadway_a,
          co_window_unsneaky_path_e

Skill      XL: |  1  2  3  4 |
---------------+-------------+-----
Armour         | 1 2 |  2.7
Fighting       | 4 |  4.3
Long Blades    | 4 |  4.2
Dodging        | |  3.0
Shields        | |  0.5

Action                     |  1- 3 |  4- 6 || total
---------------------------+-------+-------++-------
  Melee: Falchion          |    66 |    88 ||   154
 Armour: Scale mail        |    47 |    39 ||    86
         Leather armour    |       |     8 ||     8
  Dodge: Dodged            |    31 |    46 ||    77
